 Dungeon Crawl Stone Soup version 0.30-a0-414-gcb316572d5 (webtiles) character file.

Game seed: 419483474919040831

611 p00ps00p the Trooper (level 7, -5/62 HPs)
             Began as a Hill Orc Fighter on Dec 8, 2022.
             Shot with a bolt by an orc warrior (7 damage)
             ... on level 7 of the Dungeon.
             The game lasted 00:04:28 (2643 turns).

p00ps00p the Trooper (Hill Orc Fighter)             Turns: 2643, Time: 00:04:28

Health: -5/62      AC: 13    Str: 21    XL:     7   Next: 44%
Magic:  7/7        EV:  9    Int:  8    God:
Gold:   163        SH:  5    Dex: 10    Spells: 6/6 levels left

rFire   . . .      SeeInvis .    a - +0 war axe
rCold   . . .      Faith    .    c - +0 buckler
rNeg    . . .      Spirit   .    b - +0 scale mail
rPois   .          Reflect  .    (no helmet)
rElec   .          Harm     .    n - +0 cloak
rCorr   .          Rampage  .    o - +0 pair of gloves
Will    +....                    m - +2 pair of boots of the Irksome God {Will+}
Stlth   ..........               (no amulet)
HPRegen 0.30/turn                (no ring)
MPRegen 0.10/turn                (no ring)

@: attractive
A: no striking features
a: no special abilities


You were on level 7 of the Dungeon.
You visited 1 branch of the dungeon, and saw 5 of its levels.

You collected 163 gold pieces.

Inventory:

Hand Weapons
 a - a +0 war axe (weapon)
Armour
 b - a +0 scale mail (worn)
 c - a +0 buckler (worn)
 m - the +2 pair of boots of the Irksome God (worn) {Will+}
   (You acquired it on level 4 of the Dungeon)

   Will:      It increases your willpower.
 n - a +0 cloak (worn)
 o - a +0 pair of gloves (worn)
Jewellery
 l - a ring of fire
Wands
 h - a wand of flame (17)
 p - a wand of paralysis (8)
Potions
 e - a potion of resistance
 f - a potion of brilliance {unknown}
 g - a potion of heal wounds {unknown}
 i - a potion of ambrosia {unknown}
 j - a potion of attraction
 k - a potion of flight {unknown}


   Skills:
 + Level 5.9 Fighting
 + Level 5.6 Axes
 + Level 5.3 Armour
 + Level 5.4 Shields


You had 6 spell levels left.
You didn't know any spells.
Your spell library contained the following spells:

 Spells                   Type           Power      Damage    Failure   Level
 Sandblast                Erth           0%         2d4       82%         1
 Passwall                 Tmut/Erth      0%         N/A       91%         2
 Stone Arrow              Conj/Erth      0%         3d7       99%         3


Dungeon Overview and Level Annotations

Branches:
Dungeon (4/15)
 Temple: D:4-7

Altars:
Kikubaaqudgha

Shops:
D:4 [


Message History

You are too injured to fight recklessly!
You are too injured to fight recklessly!
You are too injured to fight recklessly!
You are too injured to fight recklessly!
You are too injured to fight recklessly!
You are too injured to fight recklessly!
You are too injured to fight recklessly!
You are too injured to fight recklessly!
You are too injured to fight recklessly!
You are too injured to fight recklessly!
You are too injured to fight recklessly!
You are too injured to fight recklessly!
You are too injured to fight recklessly!
You are too injured to fight recklessly!
You are too injured to fight recklessly!
You are too injured to fight recklessly!
You are too injured to fight recklessly!
You are too injured to fight recklessly!
You are too injured to fight recklessly!
You are too injured to fight recklessly!
You are too injured to fight recklessly!
You are too injured to fight recklessly!
You are too injured to fight recklessly!
Aiming: Throw Flame
Press: ? - help, Q - select action, (/) - cycle Shift-Dir - straight line, f - orc warrior
Aim: an orc warrior, wielding a +0 arbalest and wearing a +0 plate armour (68% to hit)
The puff of flame hits the orc warrior but does no damage.
The orc warrior shoots a bolt.
The bolt hits you!!
* * * LOW HITPOINT WARNING * * *
Unknown command.
Aiming: Throw Flame
Press: ? - help, Q - select action, (/) - cycle Shift-Dir - straight line, f/p - orc warrior
Aim: an orc warrior, wielding a +0 arbalest and wearing a +0 plate armour (68% to hit)
The puff of flame hits the orc warrior but does no damage.
The orc warrior shoots a bolt.
The bolt hits you!
* * * LOW HITPOINT WARNING * * *
It was a potion of attraction.
You feel attractive to monsters.
The orc warrior shoots a bolt.
The bolt hits you!
You die...

##...## ##.[.##
##...## ##...##
##...###
##....######
#.....##..########
#................#
#.@....)..........
#....###.)........
#....# #).).......
#.).## ##))...#...
##..# #...### #..#
#..## #.o# #..#
#..# #..# ##.##


You could see an orc warrior.

Vanquished Creatures
  An orc warrior (D:7)
  A sky beast (D:4)
  A centaur (D:7)
  A gnoll bouda (D:4)
  An iguana (D:4)
  Natasha (thrice) (D:3)
  An orc wizard (D:7)
  9 gnolls
  3 adders
  A worm (D:3)
  5 dart slugs
  8 orcs
  5 bats
  5 endoplasms
  5 giant cockroaches
  8 goblins
  2 hobgoblins (D:3)
  A quokka (D:1)
  2 ball pythons (D:1)
  7 frilled lizards
  2 kobolds
  4 rats
76 creatures vanquished.

Vanquished Creatures (others)
  17 plants (D:3)
17 creatures vanquished.

Grand Total: 93 creatures vanquished

Notes
Turn   | Place    | Note
-------+----------+-------------------------------------------
     0 | D:1      | p00ps00p the Hill Orc Fighter began the quest for the Orb.
     0 | D:1      | Reached XP level 1. HP: 19/19 MP: 1/1
    54 | D:1      | Reached XP level 2. HP: 26/27 MP: 2/2
   210 | D:1      | Reached XP level 3. HP: 32/33 MP: 3/3
   694 | D:2      | Found an ancient bone altar of Kikubaaqudgha.
   979 | D:2      | Reached XP level 4. HP: 27/40 MP: 4/4
  1486 | D:3      | Noticed Natasha
  1500 | D:3      | Killed Natasha
  1798 | D:3      | Reached XP level 5. HP: 47/47 MP: 5/5
  1862 | D:3      | Noticed Natasha
  1873 | D:3      | Killed Natasha
  2026 | D:3      | Noticed Natasha
  2037 | D:3      | Killed Natasha
  2177 | D:4      | Identified a scroll of acquirement
  2177 | D:4      | Acquired the +2 pair of boots of the Irksome God {Will+}
  2188 | D:4      | Noticed a sky beast
  2191 | D:4      | Reached skill level 5 in Fighting
  2211 | D:4      | Killed a sky beast
  2212 | D:4      | Reached XP level 6. HP: 17/56 MP: 6/6
  2386 | D:4      | Reached skill level 5 in Axes
  2388 | D:4      | Reached skill level 5 in Shields
  2399 | D:4      | Found Idoadonto's Armour Boutique.
  2428 | D:4      | You fall into a shaft and drop 3 floors!
  2568 | D:7      | Noticed an orc warrior
  2582 | D:7      | Noticed an orc warrior
  2591 | D:7      | Reached skill level 5 in Armour
  2591 | D:7      | Reached XP level 7. HP: 35/62 MP: 7/7
  2642 | D:7      | HP: 2/62 [orc warrior/bolt (9)]
  2643 | D:7      | Shot with a bolt by an orc warrior

Illustrated notes

Levels and vault maps discovered:
D:1:      minmay_arrival_three_doors, layout_loops_ring, st_stairs_11
D:2:      layout_basic, basic_altar, kennysheep_crisscross
D:3:      layout_loops_ring, chequers_serial_rivers_room_b,
          nicolae_grassy_gnolls, uniq_natasha
D:4:      layout_cave_pools, lemuel_temple_firewalk_a, serial_shops,
          nicolae_shop_stone, minmay_surrounded
D:7:      layout_layer_cave

Skill      XL: |  1  2  3  4  5  6 |
---------------+-------------------+-----
Axes           | 3 4 5 |  5.6
Fighting       | 4 5 |  5.9
Armour         | 4 5 |  5.3
Shields        | 4 5 |  5.4

Action                   |  1- 3 |  4- 6 |  7- 9 || total
-------------------------+-------+-------+-------++-------
Melee: War axe           |    73 |   130 |     5 ||   208
Evoke: Wand              |       |       |     2 ||     2
  Use: Scroll            |       |     5 |       ||     5
       Potion            |       |     1 |     1 ||     2
Armor: Scale mail        |    33 |    74 |     1 ||   108
Dodge: Dodged            |    29 |    76 |     2 ||   107
Block: Buckler           |    20 |    41 |     4 ||    65

Table legend: (Time is in decaauts)
 A = Elapsed time spent in this place.
 B = Non-inter-level travel time spent in this place.
 C = Inter-level travel time spent in this place.
 D = Time resting spent in this place.
 E = Time spent auto-exploring this place.
 F = Levels seen in this place.
 G = Mean time per level.
                   A        B        C        D        E       F      G
               +--------+--------+--------+--------+--------+-----+--------+
         Total |   2723 |   2665 |     58 |    155 |   1836 |   5 |  544.6 |
       Dungeon |   2723 |   2665 |     58 |    155 |   1836 |   5 |  544.6 |
               +--------+--------+--------+--------+--------+-----+--------+

Top non-repeatable levels by time:
     D:3: 953 daAuts
     D:2: 673 daAuts
     D:1: 613 daAuts
     D:4: 266 daAuts
     D:7: 217 daAuts
